 Dungeon Crawl Stone Soup version 0.20.0-4-g10b340a (webtiles) character file.

312 straycat the Sneak (level 6, -3/44 HPs)
             Began as a Vampire Wanderer on May 27, 2017.
             Engulfed by a cloud of flame (9 damage)
             ... in a sewer.
             The game lasted 00:33:30 (6030 turns).

straycat the Sneak (Vampire Wanderer)               Turns: 6030, Time: 00:33:31

Health: -3/44      AC:  7    Str: 12    XL:     6   Next: 18%
Magic:  6/6        EV: 18    Int: 18    God:
Gold:   87         SH:  0    Dex: 21    Spells: 5/5 levels left

rFire    . . .     SeeInvis +   A - +1 long sword
rCold    + . .     Gourm    .   (no shield)
rNeg     + + .     Faith    .   g - +0 ring mail
rPois    +         Spirit   .   l - +1 helmet
rElec    .         Reflect  .   (no cloak)
rCorr    .         Harm     .   (no gloves)
MR       .....                  (no boots)
Stlth    +++++.....             (no amulet)
Regen    0.1/turn               E - +5 ring of intelligence
MPRegen  0.1/turn               (no ring)

@: agile, regenerating slowly
A: fangs 3, see invisible, unbreathing
a: Bat Form


You were in a sewer.
You were thirsty.

You visited 1 branch of the dungeon, and saw 4 of its levels.
You also visited: Sewer.

You collected 87 gold pieces.

Inventory:

Hand Weapons
 a - a +2 dagger
 c - a +0 short sword
 w - a +0 hand axe
 y - a cursed -1 hunting sling
 A - a +1 long sword (weapon)
 B - a +0 short sword of holy wrath
 F - a +0 quarterstaff
Missiles
 i - 25 bolts
 o - 60 stones (quivered)
 x - 10 poisoned needles
Armour
 e - a +0 robe
 g - a +0 ring mail (worn)
 h - a +0 scale mail
 k - a +0 leather armour
 l - a +1 helmet (worn)
 z - a +0 helmet
 D - a +0 chain mail
Jewellery
 E - a +5 ring of intelligence (left hand)
Scrolls
 d - 2 scrolls of teleportation
 m - 2 scrolls of blinking
 n - a scroll of remove curse
 q - a scroll of enchant weapon
 t - a scroll of identify
Potions
 f - 16 potions of blood
 j - a potion of curing {unknown}
 p - a potion of mutation {unknown}
 s - a potion of agility
 C - a potion of degeneration {unknown}


   Skills:
 + Level 2.1 Fighting
 * Level 4.4(4.5) Short Blades
 - Level 1.0(2.7) Long Blades
 + Level 1.4 Armour
 * Level 4.3 Dodging
 + Level 5.4 Stealth
   Level 1.0 Shields


You had 5 spell levels left.
You didn't know any spells.

Dungeon Overview and Level Annotations

Branches:
Dungeon (4/15)
 Temple: D:4-7

Altars:
Dithmenos
Okawaru

Annotations:
D:3 Monsterracer's ghost, amateur HaBe


Innate Abilities, Weirdness & Mutations

You heal slowly.
You have razor-sharp teeth.
You have supernaturally acute eyesight. (SInv)
You can survive without breathing.


Message History

The big kobold is almost dead.
The big kobold hits you with a short sword.
You closely miss the big kobold.
The big kobold is almost dead.
The big kobold hits you but does no damage.
You hit the big kobold.
The big kobold is almost dead.
The big kobold hits you but does no damage.
You slash the big kobold!
The big kobold explodes!
The fiery explosion engulfs you!
Ouch! That really hurt!
* * * LOW HITPOINT WARNING * * *
You have reached level 6!
Your experience leads to an increase in your attributes!
Your base attributes are Str 12, Int 13, Dex 15.
Increase (S)trength, (I)ntelligence, or (D)exterity?
You feel agile.
You are engulfed in blazing flames.
You die...

# #≈ ##### #≈≈ ####
##...##
#≈≈#########..###......
#≈≈#%.#..#............÷
#≈≈#...§§#.............
#≈≈##.@§§'%....K.......
#≈≈#...§§#..≈....≈.....
#≈≈#..#..#≈≈≈≈≈≈≈≈≈≈≈≈≈
#≈≈#######≈≈≈≈≈≈≈≈≈≈≈≈.
#≈≈ #≈≈≈≈≈≈≈≈≈≈≈≈≈ #≈
#≈≈≈≈≈≈≈≈≈≈≈≈≈≈ #≈
≈#≈≈≈≈≈≈≈≈≈≈≈≈≈ #
≈≈≈≈≈≈≈≈≈≈


There were no monsters in sight!

Vanquished Creatures
  A sky beast (D:3)
  A big kobold (Sewer)
  An orc priest (D:3)
  2 adders (D:2)
  2 dart slugs
  6 orcs
  7 giant cockroaches
  11 goblins
  8 hobgoblins
  4 jackals (D:2)
  8 kobolds
  2 quokkas
  17 bats
  9 frilled lizards
  12 rats
91 creatures vanquished.

Notes
Turn   | Place    | Note
-------+----------+-------------------------------------------
     0 | D:1      | straycat the Vampire Wanderer began the quest for the Orb.
     0 | D:1      | straycat set off with: a +2 dagger, a scroll of fear, a +0 short sword, a scroll of teleportation, a +0 robe, a potion of blood
     0 | D:1      | Reached XP level 1. HP: 15/15 MP: 1/1
   281 | D:1      | Reached XP level 2. HP: 11/21 MP: 2/2
   914 | D:2      | Reached XP level 3. HP: 26/26 MP: 3/3
  2013 | D:3      | Noticed Monsterracer's ghost (amateur HaBe)
  2663 | D:2      | Found a shadowy altar of Dithmenos.
  2819 | D:2      | Reached XP level 4. HP: 30/32 MP: 4/4
  2907 | D:3      | Found an iron altar of Okawaru.
  3639 | D:3      | Reached skill level 1 in Armour
  3784 | D:3      | Noticed a sky beast
  3806 | D:3      | Killed a sky beast
  3806 | D:3      | Reached skill level 5 in Stealth
  3806 | D:3      | Reached XP level 5. HP: 18/38 MP: 5/5
  4119 | D:3      | Noticed a two-headed ogre
  5898 | D:4      | Found a glowing drain.
  5914 | Sewer    | Entered a sewer
  6030 | Sewer    | Reached XP level 6. HP: 6/44 MP: 6/6
  6030 | Sewer    | Engulfed by a cloud of flame

Skill      XL: |  1  2  3  4  5 |
---------------+----------------+-----
Short Blades   | 3 4 |  4.4
Dodging        | 3 4 |  4.3
Armour         | 1 |  1.4
Stealth        | 5 |  5.4
Fighting       | 2 |  2.1
Long Blades    | |  1.0
Shields        | |  1.0

Action                   |  1- 3 |  4- 6 || total
-------------------------+-------+-------++-------
Melee: Dagger            |   142 |    41 ||   183
       Bite              |     8 |    21 ||    29
       Unarmed           |    15 |    10 ||    25
       Long sword        |       |   123 ||   123
       Hand axe          |       |    16 ||    16
Throw: Stone             |    10 |    22 ||    32
 Abil: End Transformatio |     1 |     1 ||     2
       Bat Form          |     1 |     1 ||     2
  Use: Potion            |     6 |    10 ||    16
       Scroll            |     1 |     9 ||    10
 Stab: Sleeping          |    10 |     1 ||    11
       Distracted        |       |     1 ||     1
  Eat: Corpse            |       |     1 ||     1
Armor: Robe              |     2 |       ||     2
       Leather armour    |    43 |    43 ||    86
       Ring mail         |       |    34 ||    34
Dodge: Dodged            |   108 |   147 ||   255
       Rpst.: Long sword |       |    26 ||    26
